 Dungeon Crawl Stone Soup version 0.31.0-32-g396128a36d (webtiles) character file.

Game seed: 8445138808113032901

2233 TacoSundae the Grappler (level 9, -2/63 HPs)
             Began as a Vine Stalker Shapeshifter on Apr 10, 2024.
             Was a Believer of Dithmenos.
             Slain by a cyclops (18 damage)
             ... on level 7 of the Dungeon.
             The game lasted 00:16:24 (4696 turns).

TacoSundae the Grappler (Vine Stalker Shapeshifter) Turns: 4696, Time: 00:16:24

Health: -2/63      AC: 24    Str: 21    XL:     9   Next: 36%
Magic:  0/10       EV:  2    Int: 10    God:    Dithmenos [**....]
Gold:   323        SH:  0    Dex: 14    Spells: 8/8 levels left

rFire   . .          .
                       - Unarmed
rCold   . . .        (no shield)
rNeg    . . .        y - melded +1 leather armour of Dogma {rN+}
rPois   +            (helmet currently unavailable)
rElec   .            (cloak currently unavailable)
rCorr   +            (gloves currently unavailable)
SInv    .            (boots currently unavailable)
Will    +....        (no amulet)
Stlth   ++           u - ring of resist corrosion
HPRegen 1.10/turn    (no ring)
MPRegen 0.12/turn

%: guardian spirit
@: tree-form, wreathed by umbra
A: stationary, stasis, torment immunity, boosted hp, (fangs 3), regeneration 1,
magic shield, (antimagic bite), no potion heal 2
a: Renounce Religion, Shadow Step


You were on level 7 of the Dungeon.
You worshipped Dithmenos.
Dithmenos was pleased with you.
You were a tree.
You visited 2 branches of the dungeon, and saw 8 of its levels.

You collected 323 gold pieces.

Inventory:

Missiles
 f - a curare-tipped dart
 g - 10 poisoned darts (quivered)
Armour
 h - a +1 helmet
 l - a +1 cloak
 y - the +1 leather armour of Dogma (melded) {rN+}
   (You found it on level 5 of the Dungeon)

   rN+:       It protects you from negative energy.
 A - a +0 pair of boots
Magical Staves
 q - a staff of air
 x - a staff of alchemy
Jewellery
 u - a ring of resist corrosion (left branch)
Talismans
 a - a serpent talisman
 c - a beast talisman
 d - a flux talisman
Wands
 p - a wand of light (6)
 s - a wand of mindburst (6)
 z - a wand of flame (20)
Scrolls
 e - 2 scrolls of enchant armour
 i - 3 scrolls of blinking
 j - 2 scrolls of amnesia
 m - 3 scrolls of poison
 C - a scroll of teleportation
Potions
 k - a potion of might {unknown}
 n - 2 potions of mutation
 o - a potion of magic {unknown}
 r - a potion of heal wounds
 t - 2 potions of curing {unknown}
 v - a potion of invisibility {unknown}
 w - a potion of cancellation {unknown}
 B - a potion of enlightenment {unknown}


   Skills:
 + Level 2.2 Fighting
 + Level 2.4 Dodging
 * Level 9.0 Unarmed Combat
 + Level 8.0 Shapeshifting


You had 8 spell levels left.
You didn't know any spells.
Your spell library contained the following spells:

 Spells                   Type           Power      Damage    Failure   Level
 Sandblast                Erth           0%         2d4       36%         1
 Passwall                 Erth           0%         N/A       75%         3
 Stone Arrow              Conj/Erth      0%         3d7       75%         3
 Brom's Barrelling Bould  Conj/Erth      0%         2d3       98%         4


Dungeon Overview and Level Annotations

Branches:
Dungeon (7/15)             Temple (1/1) D:4

Altars:
Ashenzari
Dithmenos
Fedhas
Gozag
Hepliaklqana
Kikubaaqudgha
Makhleb
Nemelex Xobeh
Okawaru
Qazlal
Ru
Sif Muna
Trog
Uskayaw
Vehumet
Wu Jian
Xom
Zin
The Shining One

Shops:
D:2 :

Annotations:
D:7 3 runed translucent doors, yey's ghost, novice TrGl


Innate Abilities, Weirdness & Mutations

You are a tree.
Your roots penetrate the ground, keeping you stationary.
You cannot be teleported.
You are immune to unholy pain and torment.
Your maximum health is greatly increased.
Your equipment is partially melded.
((You have razor-sharp teeth.))
Your natural rate of healing is unusually fast.
When hurt, damage is shared between your health and your magic reserves.
((Your bite disrupts and absorbs the magic of your enemies.))
Potions cannot restore your health.


Message History

An orc comes into view. It is wielding a +0 whip of draining.
The orc wizard shouts!
The orc wizard casts a spell.
The orc wizard flickers and vanishes!
Deactivating autopickup; reactivate with Ctrl-A.
You hit the orc.
The orc is lightly wounded.
You punch the orc!
You kill the orc!
Dithmenos accepts your kill.
You punch something! You bite something. Dithmenos accepts your kill.
Reactivating autopickup.
You feel a bit more experienced.
You swing at nothing.
The cyclops throws a large rock.
The large rock hits you!!
Okay, then.
Unknown command.
Okay, then.
Unknown command.
Aiming: Bolt of Light
Press: ? - help, Shift-Dir - straight line, f - cyclops
Aim: a cyclops, quivering large rocks (umbra, 98% to hit)
The bolt of light hits the cyclops!
The cyclops is moderately wounded.
The cyclops is blinded.
Items here: )) [ †.
The cyclops hits you!!
* * * LOW HITPOINT WARNING * * *
Your transformation has ended.
You turn into a tree.
The +1 leather armour of Dogma {rN+} melds into your body.
Your roots penetrate the ground.
Unknown command.
You pummel the cyclops!!
The cyclops is severely wounded.
You pummel the cyclops!!
The cyclops is almost dead.
The cyclops hits you!!
You die...

#.K.KW#.......))##
#W⌠K##........)## ###
#####........).).
#.###................
#######....##.............
##....#####.##.............
#.####.#!$#####............
#.# #.#!C####............. #.#
#.###♣.#.....)........
#)####.###).###............
##..#.##..####.............
#..#.##..###..............
######'#.####..#...##.......#.
#.'....#.####..##.####.###...
#.#.88.##....#########.# #.##
#.#.88.#######.#.#.....# ##.#.
#.#....#.##............###....


You could see a cyclops (blind, unable to see you).

Vanquished Creatures
  A gargoyle (D:6)
  Prince Ribbit (D:6)
  A water moccasin (D:7)
  A sky beast (D:7)
  A black bear (D:6)
  A phantom (D:7)
  2 kobold brigands
  A bullfrog (D:7)
  5 scorpions
  A wight (D:7)
  An electric eel (D:6)
  7 hounds
  A gnoll bouda (D:5)
  An iguana (D:4)
  A sleepcap (D:5)
  Jessica (D:2)
  Terence (D:3)
  5 orc wizards
  Robin (D:2)
  8 gnolls
  10 adders
  2 white imps
  A dart slug (D:3)
  A ribbon worm (D:4)
  17 orcs
  6 bats
  2 endoplasms
  2 giant cockroaches
  18 goblins
  12 hobgoblins
  8 jackals
  A quokka (D:1)
  6 ball pythons
  3 frilled lizards
  18 kobolds
  8 rats
157 creatures vanquished.

Notes
Turn   | Place    | Note
-------+----------+-------------------------------------------
     0 | D:1      | TacoSundae the Vine Stalker Shapeshifter began the quest
                  | for the Orb.
     0 | D:1      | Reached XP level 1. HP: 9/9 MP: 2/2
    32 | D:1      | Reached XP level 2. HP: 14/14 MP: 3/3
   135 | D:1      | Found a faded altar of an unknown god.
   282 | D:1      | Reached XP level 3. HP: 17/17 MP: 4/4
   675 | D:2      | Found Udgheuhao's Book Emporium.
   800 | D:2      | You fall into a shaft and drop 1 floor!
   885 | D:2      | Noticed Jessica
   892 | D:2      | Killed Jessica
   893 | D:2      | Reached skill level 4 in Unarmed Combat
   893 | D:2      | Reached XP level 4. HP: 19/21 MP: 3/5
   901 | D:2      | Noticed Robin
   919 | D:2      | Killed Robin
  1028 | D:2      | Reached XP level 5. HP: 21/25 MP: 4/6
  1258 | D:3      | Noticed Terence
  1268 | D:3      | Killed Terence
  1890 | D:4      | Found a staircase to the Ecumenical Temple.
  1901 | Temple   | Entered the Ecumenical Temple
  1909 | Temple   | Became a worshipper of Dithmenos the Shadowed
  1935 | D:4      | Reached skill level 5 in Unarmed Combat
  2003 | D:4      | Reached XP level 6. HP: 27/29 MP: 5/7
  2392 | D:4      | Reached skill level 5 in Shapeshifting
  2479 | D:5      | Entered Level 5 of the Dungeon
  2494 | D:5      | Identified the +1 leather armour of Dogma {rN+}
  2655 | D:5      | Reached XP level 7. HP: 16/32 MP: 6/8
  2695 | D:5      | Reached skill level 6 in Unarmed Combat
  2823 | D:5      | Reached * piety under Dithmenos
  3237 | D:5      | Found a blossoming altar of Fedhas.
  3367 | D:6      | Gained mutation: You have razor-sharp teeth. [Vine Stalker
                  | growth]
  3367 | D:6      | Reached XP level 8. HP: 35/37 MP: 9/9
  3382 | D:6      | Noticed a gargoyle
  3391 | D:6      | Killed a gargoyle
  3392 | D:6      | Reached skill level 7 in Unarmed Combat
  3644 | D:6      | Noticed Prince Ribbit
  3651 | D:6      | Killed Prince Ribbit
  3652 | D:6      | Reached skill level 8 in Unarmed Combat
  3786 | D:6      | Reached ** piety under Dithmenos
  3807 | D:6      | Reached skill level 1 in Fighting
  3840 | D:6      | Reached XP level 9. HP: 41/41 MP: 10/10
  3916 | D:6      | Identified the +6 whip "Boptytumm" {vamp, rF+ Will+ Str+2
                  | SInv}
  4319 | D:7      | Found a runed translucent gate.
  4320 | D:7      | Found a runed translucent gate.
  4321 | D:7      | Found a runed translucent gate.
  4338 | D:7      | Noticed a kobold demonologist
  4338 | D:7      | Noticed yey's ghost (novice TrGl)
  4667 | D:7      | Noticed a cyclops
  4676 | D:7      | Reached skill level 9 in Unarmed Combat
  4696 | D:7      | Slain by a cyclops

Illustrated notes

Levels and vault maps discovered:
D:1:      roadster_arrival_rocket_small, layout_basic,
          ebering_ecumenical_altar_sacrificial
D:2:      layout_rooms, serial_shops, nicolae_shop_rolling_square,
          small_statue_intersection, uniq_jessica, uniq_robin
D:3:      layout_loops_ring, minivault_14, uniq_terence
D:4:      layout_gridville, minmay_temple_entry_junction
D:5:      layout_loops_ring, fedhas_altar_4, grunt_ministairs_9
D:6:      layout_loops_cross, nicolae_lava_and_water, uniq_prince_ribbit1
D:7:      minmay_chambers_of_fours, layout_cave_pools,
          gammafunk_ghost_nasty_kobolds, grunt_ministairs_6
Temple:   nicolae_temple_two_arcs

Skill      XL: |  1  2  3  4  5  6  7  8  9 |
---------------+----------------------------+-----
Unarmed Combat | 4 5 6 8 9 |  9.0
Shapeshifting  | 4 5 6 7 8 |  8.0
Fighting       | 1 2 |  2.2
Dodging        | 2 |  2.4

Action                     |  1- 3 |  4- 6 |  7- 9 || total
---------------------------+-------+-------+-------++-------
  Melee: Unarmed           |    89 |   153 |   141 ||   383
         Bite              |    23 |    40 |    36 ||    99
         Punch             |     2 |     2 |     6 ||    10
  Throw: Dart              |       |     4 |     6 ||    10
  Evoke: Wand              |       |       |     9 ||     9
    Use: Scroll            |       |    10 |     2 ||    12
         Potion            |       |       |     1 ||     1
   Stab: Sleeping          |     1 |     1 |       ||     2
         Invisible         |       |       |     1 ||     1
 Armour: Animal skin       |     7 |       |       ||     7
         Leather armour    |    49 |    86 |    71 ||   206
         Skin              |       |       |     1 ||     1
  Dodge: Dodged            |    43 |    76 |    49 ||   168
